AoeStats
← K1llaCapPilla

Arena

509766065Analyzed
4v4 RM · 4d ago on Sep 27, 2026· 46m 48s· 8 players
Game mode
Random Map
Map size
Large (8 player)
Population
200
Speed
Normal
Resources
Standard
Victory
Conquest
Starting age
Dark Age
Ending age
Imperial Age
RankedLock teamsTeams togetherTeam positionsShared explorationLock speedFull tech treeHidden civsTurbo modeCheats
Victory
Defeat
🇩🇰 Danes · Denmark
1502
+13
🇭🇰 Burgundians · Hong Kong SAR China
1341
+20
🇺🇸 Teutons · United States
1227
+24
🇺🇸 Hindustanis · United States
1102
+28
🇺🇸 Britons · United States
1500
-24
🇺🇸 Berbers · United States
1457
-23
🇺🇸 Varangians · United States
1382
-20
🇦🇷 Muisca · Argentina
1320
-18
K1llaCapPilla
6:40 Loom
11:43 Feudal Age
11:43 Feudal Age
15:20 Castle Age
13:14 Double-Bit Axe
13:10 Horse Collar
17:34 Bow Saw
21:43 Wheelbarrow
27:51 Imperial Age
26:10 Heavy Plow
26:03 Town Watch
27:16 Hand Cart
28:46 Scale Barding Armor
29:13 Crop Rotation
28:36 Gold Mining
28:37 Stone Mining
28:55 Heavy Camel Rider
29:38 Husbandry
29:52 Bloodlines
30:37 Chain Barding Armor
30:57 Gold Shaft Mining
31:47 Conscription
31:48 Kasbah
32:56 Plate Barding Armor
33:07 Forging
34:09 Elite Camel Archer
36:01 Iron Casting
37:15 Chemistry
36:07 Fletching
36:40 Ballistics
36:13 Light Cavalry
38:19 Blast Furnace
38:27 Bodkin Arrow
38:45 Masonry
40:25 Bracer
40:28 Padded Archer Armor
40:37 Thumb Ring
41:47 Maghrebi Camels
Eat_Rice
10:27 Feudal Age
9:30 Loom
11:58 Fletching
16:22 Double-Bit Axe
21:04 Castle Age
19:02 Horse Collar
22:19 Bow Saw
22:12 Heavy Plow
22:08 Gold Mining
23:01 Wheelbarrow
23:37 Stone Mining
27:48 Gold Shaft Mining
29:37 Bodkin Arrow
30:07 Ballistics
31:27 Padded Archer Armor
35:08 Imperial Age
34:06 Hand Cart
34:46 Leather Archer Armor
36:12 Conscription
35:15 Elite Longbowman
36:03 Bracer
37:25 Two-Man Saw
37:19 Ring Archer Armor
39:15 Chemistry
38:00 Pikeman
38:40 Squires
38:43 Halberdier
40:18 Scale Mail Armor
40:29 Forging
40:54 Yeomen
41:46 Chain Mail Armor
44:40 Plate Mail Armor
44:46 Iron Casting
44:36 Man-at-Arms
45:01 Gambesons
Heisenberg
11:07 Feudal Age
12:32 Loom
15:06 Castle Age
14:14 Bloodlines
13:56 Double-Bit Axe
15:51 Husbandry
17:15 Loom
17:54 Horse Collar
19:11 Scale Barding Armor
21:52 Chain Barding Armor
23:25 Forging
29:09 Bow Saw
31:26 Heavy Plow
34:26 Wheelbarrow
33:37 Town Watch
35:56 Hand Cart
38:46 Imperial Age
36:26 Gold Mining
36:27 Stone Mining
38:24 Iron Casting
37:50 Fletching
37:44 Treadmill Crane
38:58 Cavalier
39:36 Light Cavalry
40:09 Vendel Legacy
41:14 Conscription
41:57 Plate Barding Armor
44:40 Blast Furnace
seba_aof
11:31 Feudal Age
15:17 Castle Age
13:15 Double-Bit Axe
13:35 Horse Collar
17:45 Fletching
20:35 Bodkin Arrow
21:18 Padded Archer Armor
22:48 Town Watch
23:08 Heavy Plow
24:03 Loom
24:54 Wheelbarrow
25:27 Bow Saw
26:38 Leather Archer Armor
28:02 Gold Mining
28:03 Stone Mining
32:28 Imperial Age
30:33 Squires
33:16 Bracer
33:43 Masonry
34:43 Chemistry
33:46 Pikeman
36:36 Ballistics
TWC.Sparky
10:08 Feudal Age
13:39 Castle Age
11:43 Double-Bit Axe
11:47 Horse Collar
14:24 Town Watch
15:38 Bow Saw
18:41 Heavy Plow
20:20 Wheelbarrow
20:11 Scale Barding Armor
22:11 Chain Barding Armor
22:39 Forging
23:11 Husbandry
25:03 Bloodlines
25:56 Iron Casting
25:27 Loom
25:37 Gold Mining
26:35 Bloodlines
27:26 Hand Cart
28:18 Fervor
31:02 Imperial Age
31:23 Heavy Camel Rider
33:04 Blast Furnace
33:21 Plate Barding Armor
34:02 Fletching
34:24 Murder Holes
34:10 Imperial Camel Rider
36:40 Conscription
39:19 Light Cavalry
43:01 Hussar
cat8
0:26 Loom
6:17 Loom
8:29 Feudal Age
10:18 Fletching
15:46 Double-Bit Axe
21:48 Castle Age
19:55 Horse Collar
24:38 Wheelbarrow
31:17 Scale Mail Armor
32:23 Chain Mail Armor
33:53 Chain Mail Armor
33:19 Pikeman
33:59 Squires
34:43 Forging
35:35 Heavy Plow
35:55 Bow Saw
37:41 Bodkin Arrow
38:59 Coinage
39:40 Padded Archer Armor
42:26 Imperial Age
41:30 Ironclad
40:36 Elite Skirmisher
42:00 Leather Archer Armor
43:39 Ring Archer Armor
43:45 Ring Archer Armor
44:41 Onager
Lord Longshaft
11:59 Feudal Age
13:29 Double-Bit Axe
15:46 Castle Age
13:36 Horse Collar
16:55 Bow Saw
18:56 Scale Mail Armor
20:16 Wheelbarrow
20:19 Chain Mail Armor
20:14 Squires
20:57 Chain Mail Armor
21:48 Forging
24:59 Iron Casting
24:30 Arson
26:47 Gold Mining
27:12 Stone Mining
29:32 Gold Shaft Mining
30:03 Heavy Plow
30:15 Stone Mining
33:41 Imperial Age
31:03 Loom
31:46 Hand Cart
31:49 Fletching
33:20 Gambesons
33:00 Hamask
34:55 Plate Mail Armor
35:26 Blast Furnace
33:48 Elite Varangian Guard
35:18 Town Watch
35:52 Capped Ram
36:58 Siege Ram
38:04 Conscription
38:25 Pikeman
38:59 Northmen's Fury
41:27 Halberdier
46:08 Stone Shaft Mining
46:26 Onager
Panchi
3:26 Double-Bit Axe
8:48 Horse Collar
11:47 Feudal Age
13:06 Bow Saw
15:28 Castle Age
13:47 Heavy Plow
18:02 Wheelbarrow
19:12 Loom
19:40 Town Watch
19:49 Gold Mining
22:09 Stone Mining
22:48 Hand Cart
27:26 Imperial Age
25:08 Husbandry
26:02 Scale Barding Armor
26:08 Forging
25:46 Cavalier
28:25 Chain Barding Armor
29:14 Chemistry
29:22 Conscription
30:54 Gold Shaft Mining
30:50 Masonry
31:13 Crop Rotation
32:17 Stone Shaft Mining
32:29 Plate Barding Armor
32:30 Iron Casting
33:28 Paladin
36:24 Blast Furnace
37:20 Fletching
38:10 Padded Archer Armor
38:06 Bodkin Arrow
39:31 Two-Man Saw
38:38 Light Cavalry
39:58 Hoardings
41:45 Caravan
41:55 Guilds
42:12 Hussar
43:24 Leather Archer Armor
43:54 Burgundian Vineyards
43:56 Bracer
Connection lost

Rejoining the realm…

Still unreachable

The connection could not be restored.

Session expired

The server has moved on; the page needs a fresh start.